 Dungeon Crawl Stone Soup version 0.25-a0-566-g062765be81 (webtiles) character file.

Game seed: 15755548893462746750, levelgen mode: deterministic

11 Flugslaktarn the Covered (level 2, -7/28 HPs)
             Began as a Deep Dwarf Fighter on Feb 27, 2020.
             Killed by divine providence
             ... invoked by an orc priest
              (12 damage)
             ... on level 3 of the Dungeon.
             The game lasted 00:00:12 (83 turns).

Flugslaktarn the Covered (Deep Dwarf Fighter)         Turns: 83, Time: 00:00:12

Health: -7/28      AC:  6    Str: 19    XL:     2   Next: 13%
Magic:  2/2        EV:  7    Int:  8    God:
Gold:   7          SH:  9    Dex: 12    Spells: 1/1 levels left

rFire    . . .     SeeInvis .   a - +0 war axe
rCold    . . .     Gourm    .   c - +0 kite shield
rNeg     . . .     Faith    .   b - +0 scale mail
rPois    .         Spirit   .   (no helmet)
rElec    .         Reflect  .   (no cloak)
rCorr    .         Harm     .   (no gloves)
MR       .....                  (no boots)
Stlth    ..........             (no amulet)
HPRegen  0.00/turn              (no ring)
MPRegen  0.08/turn              (no ring)

@: non-regenerating
A: damage resistance, heal wounds, sense surroundings 1, no regeneration
a: Heal Wounds


You were on level 3 of the Dungeon.
You were not hungry.

You visited 1 branch of the dungeon, and saw 3 of its levels.

You collected 7 gold pieces.

Inventory:

Hand Weapons
 a - a +0 war axe (weapon)
Armour
 b - a +0 scale mail (worn)
 c - a +0 kite shield (worn)
Scrolls
 g - a scroll of amnesia {unknown}
Potions
 d - a potion of might
Comestibles
 e - a ration
 f - 5 chunks of flesh


   Skills:
 * Level 3.0 Fighting
 * Level 2.6 Axes
 + Level 3.4 Armour
 - Level 3.2 Shields


You had one spell level left.
You didn't know any spells.
Your spell library was empty.

Dungeon Overview and Level Annotations

Branches:
Dungeon (3/15)

Altars:
Trog


Innate Abilities, Weirdness & Mutations

You are resistant to damage.
You can heal yourself by infusing magical energy.
You passively map a small area around you.
You do not regenerate.


Message History

The orc priest calls down the wrath of Beogh upon you.
Beogh smites you!
Ouch! That really hurt!
* * * LOW HITPOINT WARNING * * *
The orc closely misses you.
You are too injured to fight recklessly!
You are too injured to fight recklessly!
You are too injured to fight recklessly!
You are too injured to fight recklessly!
You are too injured to fight recklessly!
You are too injured to fight recklessly!
The orc priest calls upon Beogh to heal the orc.
The orc's wounds heal themselves!
You fail to use your ability.
The orc hits you.
* * * LOW HITPOINT WARNING * * *
The orc priest looks braver for a moment.
A rat comes into view.
The orc priest calls down the wrath of Beogh upon you.
Beogh smites you!
You die...

≈
≈#..#....##...............
≈.............#...#....#.#
, ≈
≈........................#
,
≈≈..............#.#..#.###
≈≈........#............#
≈≈≈88...#.#...#.#....#.# ,
........oo..............
........#.#............*
≈≈≈88...#@#.........#..*
≈≈≈...<..............
≈≈≈≈..o.......##.####*, *
≈≈≈≈#.#.#.##..#,... *
≈≈≈≈#.###.......,># ≈≈≈ ≈.
......... , ≈≈ ≈≈.
#####*#.#, * , * , , , r.
, ≈ * ,


You could see an orc priest, 2 orcs and a rat.

Vanquished Creatures
  An ooze (D:1)
  An orc (D:3)
  A goblin (D:3)
  A hobgoblin (D:1)
  A kobold (D:1)
5 creatures vanquished.

Notes
Turn   | Place    | Note
-------+----------+-------------------------------------------
     0 | D:1      | Flugslaktarn the Deep Dwarf Fighter began the quest for the
                  | Orb.
     0 | D:1      | Reached XP level 1. HP: 20/20 MP: 1/1
    51 | D:3      | Reached XP level 2. HP: 20/27 MP: 2/2
    58 | D:3      | Found a bloodstained altar of Trog.
    83 | D:3      | Killed from afar by an orc priest

Levels and vault maps discovered:
D:1:      dpeg_arrival_fog, layout_loops_ring
D:2:      layout_basic, uniq_terence, uniq_sigmund, uniq_robin
D:3:      wander_river, layout_basic, trog_three_pillars_becter

Skill      XL: |  1  2 |
---------------+-------+-----
Fighting       | 3 |  3.0
Axes           | |  2.6
Armour         | |  3.4
Shields        | |  3.2

Action                   || total
-------------------------++-------
Melee: War axe           ||    16
Armor: Scale mail        ||     8
Dodge: Dodged            ||     6
Block: Kite shield       ||     5

Table legend:
 A = Non-vault XP
 B = Vault XP
 C = Vault XP percentage of total XP
 D = Non-vault monster count
 E = Vault monster count
 F = Vault count percentage of total count
                 A         B        C        D         E       F
            +---------+---------+-------+---------+---------+-------
      Total |      16 |       0 |   0.0 |       5 |       0 |   0.0
            +---------+---------+-------+---------+---------+-------
        D:1 |      11 |       0 |   0.0 |       3 |       0 |   0.0
        D:3 |       5 |       0 |   0.0 |       2 |       0 |   0.0
            +---------+---------+-------+---------+---------+-------
